cohdb
Replays
Latest Replays
All Replays
Popular Replays
Top Player Replays
Match Explorer
How It Works
Community
CoH3 Stats
Reddit
Sign in to upload your games and track your stats! →
Sign in with Steam
Match 42556783
Unlisted
Match 42556783
Overview
Messages
Build Orders
End
Kradschützen Motorcycle Team
Panzergrenadier Squad
Selects Panzerjäger Kommand Battlegroup
Selects Mine Fields
Panzergrenadier Squad
Construct Light Support Kompanie
Panzerjäger Squad
Selects Tank Busters
Panzergrenadier Squad
Fire Support Elements
2.5-tonne Medical Truck
Veteran Squad Leaders
Pak 38 Mechanized Group
R.U.C
Team saupiquet
Alex Caesar
jm707090525
0
0
Comments
sign in to comment!
No comments posted yet!